 Dungeon Crawl Stone Soup version 0.20-a0-969-g5a5da1e (webtiles) character file.

687 Fang the Chopper (level 7, -6/66 HPs)
             Began as a Gargoyle Berserker on May 7, 2018.
             Was an Elder of Trog.
             Mangled by a gnoll (10 damage)
             ... on level 5 of the Dungeon.
             The game lasted 00:05:59 (4115 turns).

Fang the Chopper (Gargoyle Berserker)               Turns: 4115, Time: 00:06:00

Health: -6/66      AC:  8    Str: 28    XL:     7   Next: 62%
Magic:  7/7        EV: 13    Int:  7    God:    Trog [****..]
Gold:   178        SH:  0    Dex:  9    Spells: 6/6 levels left

rFire    . . .     SeeInvis .   a - +0 hand axe
rCold    . . .     Gourm    .   (no shield)
rNeg     + . .     Faith    .   b - +1 animal skin
rPois    ∞         Spirit   .   (no helmet)
rElec    +         Reflect  .   (no cloak)
rCorr    .         Harm     .   (no gloves)
MR       +....                  (no boots)
Stlth    ..........             (no amulet)
Regen    0.3/turn               p - ring of flight
MPRegen  0.1/turn               h - ring of protection from magic

@: berserking, very quick
A: negative energy resistance 1, electricity resistance, unbreathing,
petrification resistance, rot immunity, AC +4
a: Berserk, Trog's Hand, Brothers in Arms, Burn Spellbooks, Renounce Religion,
Evoke Flight


You were on level 5 of the Dungeon.
You worshipped Trog.
Trog was greatly pleased with you.
You were not hungry.

You visited 1 branch of the dungeon, and saw 5 of its levels.

You collected 233 gold pieces.
You spent 55 gold pieces at shops.

Inventory:

Hand Weapons
 a - a +0 hand axe (weapon)
Armour
 b - a +1 animal skin (worn)
Jewellery
 h - a ring of protection from magic (right hand)
 p - a ring of flight (left hand)
Wands
 i - a wand of digging (12/24)
 s - a wand of polymorph (8/24)
 t - a wand of lightning (3/15)
Scrolls
 f - a scroll of remove curse
 k - a scroll of fog
 n - a scroll of teleportation
 q - a scroll of recharging
Potions
 d - 2 potions of berserk rage
 e - a potion of cancellation
 j - 2 potions of curing {unknown}
 l - a potion of agility
 m - a potion of haste
 o - a potion of mutation {unknown}
 r - a potion of heal wounds
Comestibles
 g - 2 meat rations


   Skills:
 + Level 4.8 Fighting
 + Level 6.3 Axes
 + Level 2.2 Armour
 + Level 3.2 Dodging
 + Level 1.9 Stealth


You had 6 spell levels left.
You didn't know any spells.

Dungeon Overview and Level Annotations

Branches:
Dungeon (5/15)
 Temple: D:4-7

Altars:
Cheibriados
Okawaru
Trog
Vehumet
Xom
The Shining One

Shops:
D:4 !

Annotations:
D:4 1 runed door


Innate Abilities, Weirdness & Mutations

You are resistant to torment.
Your stone body is resilient. (AC +4)
You are immune to poison.
You resist negative energy. (rN+)
You are resistant to electric shocks. (rElec)
You can survive without breathing.
You are immune to petrification.
You are immune to rotting.


Message History

You hit the gnoll but do no damage.
The gnoll is heavily wounded.
The gnoll misses you. The gnoll hits you.
You barely miss the gnoll.
The gnoll is heavily wounded.
The gnoll misses you.
You hit the gnoll.
The gnoll is almost dead.
The gnoll hits you but does no damage. The gnoll hits you.
* * * LOW HITPOINT WARNING * * *
You hit the gnoll but do no damage.
The gnoll is almost dead.
The gnoll closely misses you.
You eat the bread ration.
That bread ration really hit the spot!
The gnoll hits you!
* * * LOW HITPOINT WARNING * * *
A red film seems to cover your vision as you go berserk!
You feel yourself moving faster!
You feel mighty!
You feel a lot more hungry. The gnoll hits you!
You die...

...... #........# .....
##........# ....
#[........> ...#
##.......... #..#
#........... #..#
#........... ## #..#
###########...........
.####..#
##<#....._##...........
.......##
#..'..@g..##...###.....
........###..#....._######
######
............#########
.........#############
.........##..........##
......................##
.................(.....#
######
......................##
#.....
............##.........##
##.....


You could see a gnoll (berserk).

Vanquished Creatures
  An ogre (D:3)
  A scorpion (D:5)
  A crimson imp (D:5)
  A hound (D:5)
  An orc priest (D:4)
  7 orc wizards (D:4)
  A bullfrog skeleton (D:5)
  3 hound skeletons (D:4)
  A worker ant zombie (D:5)
  7 adders
  3 oozes
  An adder skeleton (D:4)
  A worm (D:4)
  2 leopard geckos
  16 orcs
  8 bats
  3 giant cockroaches
  12 goblins
  7 hobgoblins
  9 jackals (D:1)
  4 kobolds
  A quokka (D:2)
  3 ball pythons
  6 frilled lizards
  A quokka skeleton (D:5)
  10 rats
111 creatures vanquished.

Notes
Turn   | Place    | Note
-------+----------+-------------------------------------------
     0 | D:1      | Fang the Gargoyle Berserker began the quest for the Orb.
     0 | D:1      | Reached XP level 1. HP: 14/14 MP: 1/1
    22 | D:1      | Reached skill level 3 in Axes
    22 | D:1      | Reached XP level 2. HP: 19/19 MP: 2/2
   224 | D:1      | Reached XP level 3. HP: 20/23 MP: 3/3
   356 | D:1      | Reached ** piety under Trog
   963 | D:2      | a bat gained the power of zot (level 1).
  1186 | D:2      | Reached XP level 4. HP: 27/29 MP: 4/4
  1199 | D:2      | a bat gained the power of zot (level 1).
  1692 | D:3      | Noticed an ogre
  1703 | D:3      | Killed an ogre
  1703 | D:3      | Reached skill level 4 in Axes
  1703 | D:3      | Reached XP level 5. HP: 28/33 MP: 5/5
  1717 | D:2      | an orc gained the power of zot (level 1).
  1951 | D:3      | Found a snail-covered altar of Cheibriados.
  1974 | D:3      | Reached *** piety under Trog
  2487 | D:4      | Reached skill level 5 in Axes
  2487 | D:4      | Reached skill level 1 in Stealth
  2487 | D:4      | Reached XP level 6. HP: 31/38 MP: 6/6
  2549 | D:4      | Found a glowing golden altar of the Shining One.
  2549 | D:4      | Found a runed door.
  2549 | D:4      | Noticed an angel
  2564 | D:4      | Found Abuvvur's Distillery.
  2567 | D:4      | Bought a potion of heal wounds for 55 gold pieces
  2611 | D:4      | Reached XP level 7. HP: 44/44 MP: 7/7
  3228 | D:4      | Reached **** piety under Trog
  3228 | D:4      | Reached skill level 6 in Axes
  3325 | D:5      | Entered Level 5 of the Dungeon
  3325 | D:5      | Found a shimmering altar of Xom.
  3571 | D:5      | Found a glowing golden altar of the Shining One.
  3970 | D:5      | Found a radiant altar of Vehumet.
  4097 | D:5      | Found an iron altar of Okawaru.
  4097 | D:5      | Found a bloodstained altar of Trog.
  4115 | D:5      | Mangled by a gnoll

Vault maps used:
D:1:      dpeg_arrival_three_smaller_balls, corexii_leaking_fountain,
          minivault_11, minmay_misc_feat_room,
          hangedman_abyss_or_decor_lesser_grid
D:2:      first_bread
D:3:      cheibriados_altar_1
D:4:      serial_shops, nicolae_shop_behind_doors, grunt_ministairs_8,
          lemuel_angel_altar
D:5:      grunt_temple_overflow_champion_of_chaos,
          grunt_temple_overflow_bloody_war, vehumet_crystals, basic_altar,
          xom_teletrap_fun

Skill      XL: |  1  2  3  4  5  6  7 |
---------------+----------------------+-----
Axes           | 3 4 5 6 |  6.3
Dodging        | 2 3 |  3.2
Fighting       | 4 |  4.8
Stealth        | 1 |  1.9
Armour         | |  2.2

Action                   |  1- 3 |  4- 6 |  7- 9 || total
-------------------------+-------+-------+-------++-------
Melee: Hand axe          |   133 |   140 |   147 ||   420
       Mace              |       |       |    17 ||    17
Invok: Berserk           |     1 |     4 |     1 ||     6
       Burn Spellbooks   |       |       |     1 ||     1
  Use: Scroll            |       |     9 |     4 ||    13
 Stab: Sleeping          |     1 |       |     1 ||     2
       Distracted        |       |     1 |       ||     1
  Eat: Chunk             |     1 |     2 |     2 ||     5
       Bread ration      |       |     2 |     1 ||     3
Armor: Animal skin       |    62 |    53 |    66 ||   181
Dodge: Dodged            |   103 |    96 |   110 ||   309
